 Dungeon Crawl Stone Soup version 0.19.0-1-g5985abe (webtiles) character file.

14811 nikopol the Cleaver (level 12, -6/99 HPs)
             Began as a Hill Orc Berserker on Nov 2, 2016.
             Was a High Priest of Trog.
             Mangled by a starcursed mass (12 damage)
             ... while paralysed by accursed screaming
             ... on level 1 of the Abyss.
             The game lasted 00:33:41 (11106 turns).

nikopol the Cleaver (Hill Orc Berserker)           Turns: 11106, Time: 00:33:42

Health: -6/99      AC: 21    Str: 22    XL:     12   Next: 20%
Magic:  12/12      EV:  2    Int:  9    God:    Trog [*****.]
Gold:   399        SH:  0    Dex: 16    Spells: 0 memorised, 11 levels left

rFire  x . .     SeeInvis +     a - +0 war axe (venom)
rCold  . . .     Gourm    .     M - +4 scale mail "Qenat" {+Blink rF- MR+ Int+2}
rNeg   + . .     Faith    .     (no shield)
rPois  .         Spirit   .     H - +2 helmet {SInv}
rElec  .         Reflect  .     I - +0 cloak
rCorr  +         Harm     .     K - +1 pair of gloves of Fashionability {rCorr Dex+3}
MR     +....                    k - +0 pair of boots
Stlth  ..........               w - amulet of regeneration
                                (no ring)
                                G - ring of positive energy

@: paralysed, exhausted, slowed, studying Fighting
A: frail 1
a: Berserk, Trog's Hand, Brothers in Arms, Burn Spellbooks, Renounce Religion,
Evoke Blink


You were on level 1 of the Abyss.
You worshipped Trog.
Trog was extremely pleased with you.
You were hungry.

You visited 2 branches of the dungeon, and saw 11 of its levels.
You visited the Abyss 1 time.

You collected 688 gold pieces.
You spent 289 gold pieces at shops.

Inventory:

Hand Weapons
 a - a +0 war axe of venom (weapon)
 z - a +0 shortbow
 J - a +1 war axe
 O - a +3 broad axe of chopping
Missiles
 d - 131 arrows (quivered)
Armour
 k - a +0 pair of boots (worn)
 H - a +2 helmet of see invisible (worn)
 I - a +0 cloak (worn)
 K - the +1 pair of gloves of Fashionability (worn) {rCorr Dex+3}
   (You bought it in a shop on level 6 of the Dungeon)

   It affects your dexterity (+3).
   It protects you from acid and corrosion.
 M - the +4 scale mail "Qenat" (worn) {+Blink rF- MR+ Int+2}
   (You found it on level 6 of the Dungeon)

   It affects your intelligence (+2).
   It makes you vulnerable to fire.
   It affects your resistance to hostile enchantments.
   It lets you blink.
Jewellery
 g - an uncursed amulet of faith {unknown}
 q - an uncursed ring of ice
 w - an amulet of regeneration (around neck)
 G - a ring of positive energy (left hand)
Wands
 x - a wand of disintegration (15/24)
Scrolls
 e - 8 scrolls of remove curse
 h - a scroll of magic mapping {unknown}
 i - 2 scrolls of blinking {unknown}
 j - 5 scrolls of identify
 o - a scroll of immolation {unknown}
 v - a scroll of amnesia {unknown}
 y - 4 scrolls of recharging {unknown}
 A - a scroll of acquirement {unknown}
 E - 2 scrolls of enchant armour {unknown}
 F - 5 scrolls of teleportation {unknown}
 N - 4 scrolls of fear {unknown}
 Q - a scroll of holy word {unknown}
Potions
 f - 7 potions of heal wounds
 l - 7 potions of curing
 m - 2 potions of resistance
 p - a potion of agility
 r - 3 potions of brilliance
 s - 2 potions of lignification {unknown}
 t - 2 potions of haste
 u - a potion of ambrosia
 L - a potion of might
 S - 2 potions of invisibility
 U - a potion of cancellation
Books
 R - a manual of Fighting
Comestibles
 c - 6 bread rations
 X - 3 meat rations


   Skills:
 + Level 11.6 Fighting
 * Level 14.6 Axes
 * Level 7.4 Bows
 + Level 8.9 Armour
 + Level 6.9 Dodging


You had 11 spell levels left.
You didn't know any spells.

Dungeon Overview and Level Annotations

Branches:
Dungeon (9/15)             Temple (0/1) D:4            Lair (2/6) D:9
    Orc (0/2) D:9
  Swamp: Lair:2-4    Shoals: Lair:2-4     Snake: Lair:2-4    Spider: Lair:2-4

Altars:
Cheibriados
Dithmenos
Elyvilon
Makhleb
Okawaru
Uskayaw
The Shining One

Shops:
D:6 }[%   D:9 !

Annotations:
Lair:2 Sonja


Innate Abilities, Weirdness & Mutations

You are frail. (-10% HP)


Message History

You feel the effects of Trog's Hand fading.
You are too injured to fight recklessly!
You are too injured to fight recklessly!
You are too injured to fight recklessly!
You slash the hungry ghost!
You destroy the hungry ghost!
Trog accepts your kill.
A starcursed mass splits.
A deafening chorus of shrieks assaults your mind!
* * * LOW HITPOINT WARNING * * *
A starcursed mass splits. x2
You hit the starcursed mass but do no damage.
A cacophony of accursed wailing tears at your sanity!
* * * LOW HITPOINT WARNING * * *
You suddenly lose the ability to move!
The starcursed mass engulfs you but does no damage.
Your skin stops crawling.
You feel less resistant to hostile enchantments.
The starcursed mass engulfs you!
You die...

.#.# # .. .
.((## #..
.## (.(....
##... .
......##.#.
(#..##..# #
#......##
...# #
#(#.#.#.####
.. #@#..
....# .
.##XX......
. #
#....#.#.. .
##XX#...##..
. # .
#X.X#X... #
# # (#.XX.
.#. . .# # .
(.##.... .
.# # #.(# .
# #. .#. .


You could see 9 starcursed masses.

Vanquished Creatures
  Fannar (Lair:2)
  A hydra (Lair:1)
  The ghost of slayr the Thaumaturge, a novice DEWz of Sif Muna (D:8)
  A shadow wraith (Abyss:1)
  An unseen horror (D:5)
  A shining eye (Abyss:1)
  A black mamba (Lair:1)
  A spiny frog (Lair:1)
  A komodo dragon (Lair:2)
  3 blink frogs (Lair:1)
  5 hippogriffs
  6 flying skulls (Abyss:1)
  Eustachio (D:4)
  8 yaks
  2 large abominations (Abyss:1)
  A wyvern (D:8)
  A basilisk (Lair:1)
  2 hungry ghosts
  2 porcupines
  Duvessa (D:3)
  6 orc warriors
  3 sky beasts
  2 black bears
  3 small abominations (Abyss:1)
  6 starcursed masses (Abyss:1)
  5 ogres
  4 centaurs
  3 crocodiles
  Blork the orc (D:4)
  5 bullfrogs
  A gnoll sergeant (D:9)
  Dowan (D:3)
  2 scorpions
  11 killer bees
  4 howler monkeys
  5 wights (D:7)
  2 electric eels (D:9)
  6 crimson imps
  A bullfrog zombie (D:7)
  A quasit (D:7)
  2 jellies
  5 orc priests
  6 hounds
  A centaur skeleton (D:5)
  7 orc wizards
  An iguana (D:9)
  5 worker ants
  Natasha (thrice) (D:2)
  Terence (D:2)
  2 hell rats (D:9)
  7 gnolls (D:9)
  14 adders
  A howler monkey skeleton (D:4)
  2 river rats (D:9)
  2 shadow imps (D:8)
  An ooze (D:2)
  2 worms
  A dart slug (D:2)
  7 leopard geckos
  27 orcs
  7 bats
  A giant cockroach (D:2)
  9 goblins
  2 hobgoblins
  12 jackals
  6 kobolds
  4 quokkas
  2 ball pythons
  4 frilled lizards
  A jackal skeleton (D:4)
  A leopard gecko skeleton (D:4)
  A quokka skeleton (D:6)
  7 rats
267 creatures vanquished.

Vanquished Creatures (others)
  An orc (D:4)
1 creature vanquished.

Grand Total: 268 creatures vanquished

Notes
Turn   | Place    | Note
-------+----------+-------------------------------------------
     0 | D:1      | nikopol the Hill Orc Berserker began the quest for the Orb.
     0 | D:1      | Reached XP level 1. HP: 19/19 MP: 1/1
   108 | D:1      | Reached XP level 2. HP: 17/26 MP: 2/2
   805 | D:2      | Reached XP level 3. HP: 16/33 MP: 3/3
  1285 | D:2      | Noticed Natasha
  1295 | D:2      | Killed Natasha
  1295 | D:2      | Reached XP level 4. HP: 10/40 MP: 4/4
  1569 | D:2      | Reached skill level 5 in Axes
  1573 | D:2      | Noticed Terence
  1640 | D:2      | Killed Terence
  2019 | D:2      | Reached XP level 5. HP: 47/47 MP: 5/5
  2278 | D:2      | Noticed Natasha
  2292 | D:2      | Killed Natasha
  2611 | D:2      | Reached ** piety under Trog
  2812 | D:2      | Noticed Natasha
  2828 | D:2      | Killed Natasha
  3332 | D:3      | Found a burning altar of Makhleb.
  3332 | D:3      | Found a white marble altar of Elyvilon.
  3845 | D:3      | Reached XP level 6. HP: 55/55 MP: 6/6
  3854 | D:4      | Noticed Duvessa
  3867 | D:3      | Reached skill level 5 in Fighting
  3867 | D:3      | Reached skill level 6 in Axes
  3922 | D:4      | Noticed Dowan
  3922 | D:4      | Noticed Eustachio
  3936 | D:3      | Killed Dowan
  3936 | D:3      | Reached XP level 7. HP: 30/61 MP: 7/7
  3938 | D:3      | Killed Duvessa
  3938 | D:3      | Reached skill level 7 in Axes
  4020 | D:4      | Killed Eustachio
  4073 | D:4      | Noticed Blork the orc
  4088 | D:4      | Killed Blork the orc
  4183 | D:4      | Found a staircase to the Ecumenical Temple.
  4348 | D:4      | Reached skill level 8 in Axes
  4348 | D:4      | Reached XP level 8. HP: 70/70 MP: 8/8
  4643 | D:5      | Entered Level 5 of the Dungeon
  4816 | D:5      | Reached skill level 5 in Armour
  4910 | D:5      | Reached *** piety under Trog
  4919 | D:5      | Killed an unseen horror
  4919 | D:5      | Reached skill level 9 in Axes
  5172 | D:6      | Found Weireim's Food Shoppe.
  5187 | D:6      | Found Haton's Antique Armour Shop.
  5201 | D:6      | Reached XP level 9. HP: 77/78 MP: 9/9
  5227 | D:6      | Bought a pair of faintly humming gloves for 209 gold pieces
  5232 | D:6      | Identified the +1 pair of gloves of Fashionability {rCorr Dex+3} (You bought it in a shop on level 6 of the Dungeon)
  5246 | D:6      | Reached skill level 10 in Axes
  5315 | D:6      | Got a scorched scale mail
  5326 | D:6      | Identified the +4 scale mail "Qenat" {+Blink rF- MR+ Int+2} (You found it on level 6 of the Dungeon)
  5427 | D:6      | Found Peumm's Gadget Shoppe.
  5668 | D:6      | Found a glowing golden altar of the Shining One.
  5829 | D:7      | Found a hide-covered altar of Uskayaw.
  5832 | D:7      | Found a snail-covered altar of Cheibriados.
  5845 | D:7      | Reached skill level 1 in Bows
  5847 | D:7      | Found a shadowy altar of Dithmenos.
  6045 | D:7      | Reached skill level 11 in Axes
  6083 | D:7      | Found a faded altar of an unknown god.
  6083 | D:7      | Found an iron altar of Okawaru.
  6088 | D:7      | Found a faded altar of an unknown god.
  6090 | D:7      | Found a faded altar of an unknown god.
  6092 | D:7      | Found a faded altar of an unknown god.
  6129 | D:7      | Reached skill level 5 in Dodging
  6781 | D:8      | Noticed slayr's ghost (novice DEWz)
  6789 | D:8      | Reached **** piety under Trog
  6798 | D:8      | Killed slayr's ghost
  6798 | D:8      | Reached XP level 10. HP: 89/89 MP: 10/10
  6851 | D:8      | Reached skill level 12 in Axes
  8180 | D:9      | Reached skill level 5 in Bows
  8419 | D:9      | Found a staircase to the Lair.
  8637 | D:9      | Found Owaemig's Distillery.
  8642 | D:9      | Bought a potion of heal wounds for 50 gold pieces
  8642 | D:9      | Bought a potion of curing for 30 gold pieces
  8681 | D:9      | Reached ***** piety under Trog
  8975 | D:9      | Reached XP level 11. HP: 97/97 MP: 11/11
  9131 | D:9      | Found a staircase to the Orcish Mines.
  9298 | Lair:1   | Entered Level 1 of the Lair of Beasts
  9317 | Lair:1   | Reached skill level 13 in Axes
  9469 | Lair:1   | Noticed a five-headed hydra
  9479 | Lair:1   | Killed a five-headed hydra
  9546 | Lair:1   | Reached skill level 10 in Fighting
  9656 | Lair:1   | Received a gift from Trog
 10512 | Lair:2   | Noticed Fannar
 10530 | Lair:2   | Killed Fannar
 10717 | Lair:2   | Reached skill level 14 in Axes
 10806 | Lair:2   | Noticed Sonja
 10814 | Lair:2   | Cast into level 1 of the Abyss (Sonja)
 10912 | Abyss:1  | Noticed a starcursed mass
 10970 | Abyss:1  | Killed a starcursed mass
 10970 | Abyss:1  | Reached XP level 12. HP: 48/110 MP: 12/12
 11084 | Abyss:1  | HP: 5/165 [large abomination (7)]
 11088 | Abyss:1  | Gained mutation: You are frail. (-10% HP) [a shining eye]
 11097 | Abyss:1  | Noticed a starcursed mass
 11105 | Abyss:1  | Paralysed by accursed screaming for 2 turns
 11106 | Abyss:1  | Mangled by a starcursed mass

Skill      XL: |  1  2  3  4  5  6  7  8  9 10 11 |
---------------+----------------------------------+-----
Dodging        | 2 3 4 5 6 |  6.9
Fighting       | 4 5 6 8 9 11 | 11.6
Axes           | 5 6 8 9 11 12 14 | 14.6
Armour         | 3 4 5 6 7 8 |  8.9
Bows           | 3 5 7 |  7.4

Action                   |  1- 3 |  4- 6 |  7- 9 | 10-12 || total
-------------------------+-------+-------+-------+-------++-------
Melee: Hand axe          |    76 |   170 |       |       ||   246
       War axe           |       |    27 |   228 |   378 ||   633
 Fire: Shortbow          |       |       |    74 |   332 ||   406
Invok: Berserk           |     1 |     3 |     3 |     5 ||    12
       Burn Spellbooks   |       |       |       |     1 ||     1
       Trog's Hand       |       |       |       |     1 ||     1
  Use: Scroll            |       |       |       |    11 ||    11
 Stab: Sleeping          |       |       |     1 |       ||     1
  Eat: Chunk             |       |    13 |    11 |    17 ||    41
       Royal jelly       |       |       |       |     1 ||     1
       Fruit             |       |       |       |     1 ||     1
       Beef jerky        |       |       |       |     1 ||     1
Armor: Animal skin       |     4 |       |       |       ||     4
       Leather armour    |    15 |     2 |       |       ||    17
       Ring mail         |       |    71 |     7 |       ||    78
       Shadow dragon sca |       |       |    64 |       ||    64
       Scale mail        |       |       |    71 |   158 ||   229
Dodge: Dodged            |    56 |   123 |   151 |   249 ||   579
